 Dungeon Crawl Stone Soup version 0.23-a0-629-gae4348f6cf (webtiles) character file.

2579 GordonOverkill the Skirmisher (level 9, -5/79 HPs)
             Began as a Demigod Wanderer on Dec 25, 2018.
             Slain by a worker ant (6 damage)
             ... on level 8 of the Dungeon.
             The game lasted 00:18:21 (9309 turns).

GordonOverkill the Skirmisher (Demigod Wanderer)    Turns: 9309, Time: 00:18:21

Health: -5/79      AC:  6    Str: 20    XL:     9   Next: 10%
Magic:  27/27      EV: 11    Int: 17    God:
Gold:   4          SH:  0    Dex: 15    Spells: 7/16 levels left

rFire    . . .     SeeInvis .   e - -2 broad axe (curse)
rCold    + . .     Gourm    .   (no shield)
rNeg     . . .     Faith    .   l - +3 leather armour {rC+}
rPois    +         Spirit   .   (no helmet)
rElec    .         Reflect  .   (no cloak)
rCorr    .         Harm     +   (no gloves)
MR       .....     Rnd*Tele +   (no boots)
Stlth    ++........             s - amulet of harm (curse)
HPRegen  0.23/turn              b - ring of poison resistance
MPRegen  0.20/turn              m - ring of magical power

@: lethally poisoned (-5 -> -9)
A: blink, deterioration 1, high mp 1, teleportitis 1
a: Blink


You were on level 8 of the Dungeon.
You were hungry.

You visited 1 branch of the dungeon, and saw 8 of its levels.

You collected 272 gold pieces.
You spent 268 gold pieces at shops.

Inventory:

Hand Weapons
 e - a cursed -2 broad axe (weapon)
 o - a +1 dagger of electrocution
 C - a +3 battleaxe
Missiles
 c - 13 javelins (quivered)
Armour
 l - a +3 leather armour of cold resistance (worn)
 y - a +0 plate armour
Magical Staves
 a - an uncursed staff of wizardry {unknown}
Jewellery
 b - a ring of poison resistance (left hand)
 m - a ring of magical power (right hand)
 s - a cursed amulet of harm (around neck)
Wands
 w - a wand of flame (15)
Scrolls
 j - a scroll of immolation
 k - 3 scrolls of fear
 r - 2 scrolls of teleportation
 t - 4 scrolls of amnesia
 v - a scroll of enchant armour
 z - a scroll of magic mapping
Potions
 d - a potion of invisibility
 f - 2 potions of might
 h - 2 potions of haste
 i - a potion of degeneration {unknown}
 n - a potion of agility
 p - a potion of resistance
 q - 2 potions of curing
 u - a potion of heal wounds
 x - a potion of lignification {unknown}
Comestibles
 g - 7 rations


   Skills:
 + Level 7.5 Fighting
 + Level 6.0 Axes
 - Level 3.0 Armour
 - Level 2.0 Stealth
 - Level 4.0 Spellcasting
 - Level 3.0 Conjurations
 - Level 5.0 Fire Magic


You had 7 spell levels left.
You knew the following spells:

 Your Spells              Type           Power        Failure   Level  Hunger
a - Flame Tongue          Conj/Fire      ###..        3%          1    None
b - Conjure Flame         Conj/Fire      ###.....     11%         3    ###....
c - Blink                 Tloc           N/A          26%         2    ##.....
d - Mephitic Cloud        Conj/Pois/Air  #.......     34%         3    ###....

Your spell library contained the following spells:

 Spells                   Type           Power        Failure   Level  Hunger
 Magic Dart               Conj           ##..         5%          1    None
 Sandblast                Erth           #.....       19%         1    None
 Summon Small Mammal      Summ           #...         19%         1    None
 Call Imp                 Summ           #.......     26%         2    ##.....
 Passwall                 Tmut/Erth      #.......     26%         2    ##.....
 Slow                     Hex            #.......     26%         2    ##.....
 Stone Arrow              Conj/Erth      #.....       28%         3    ###....
 Summon Guardian Golem    Hex/Summ       #.......     47%         3    ###....
 Petrify                  Tmut/Erth      #.......     87%         4    ####...
 Lee's Rapid Deconstruct  Erth           #.........   99%         5    ######.


Dungeon Overview and Level Annotations

Branches:
Dungeon (8/15)             Temple (0/1) D:4
   Lair: D:8-11

Shops:
D:4 }*(

Annotations:
D:8 Joseph, Pikel


Innate Abilities, Weirdness & Mutations

You have an increased reservoir of magic. (+10% MP)
You can translocate small distances at will.
Your body sometimes deteriorates upon taking damage.
You are occasionally teleported next to monsters.


Message History

You closely miss the worker ant.
The worker ant is moderately wounded.
You completely miss the scorpion. You hit Pikel but do no damage.
* * * LOW HITPOINT WARNING * * *
You feel sick. The worker ant barely misses you. Pikel barely misses you.
The scorpion barely misses you.
Joseph, a Mercenary comes into view.
He is wielding a +0 quarterstaff.
The worker ant waves its antennae.
The worker ant closely misses you.
You are too injured to fight recklessly!
Joseph shouts!
You hit the worker ant but do no damage.
The worker ant is moderately wounded.
You barely miss Pikel. You barely miss the slave. You hit the scorpion.
* * * LOW HITPOINT WARNING * * *
You feel sick. Pikel hits you but does no damage.
The scorpion barely misses you.
Joseph says, "You must be punished!
Or...
I want to punish you!" The worker ant bites you.
You die...

####...
#.....###
#.....#. #.....'
#####.....######
................
........s.......
......p@p.......
.....saK<.......
.......p...$....
......##+####+##
.@.... ......
..... ..... ##+#


You could see Joseph, Pikel, 3 slaves, 2 scorpions and a worker ant.

Vanquished Creatures
  Prince Ribbit (D:4)
  2 hippogriffs (D:8)
  Menkaure (D:5)
  A water moccasin (D:7)
  An orc warrior (D:7)
  An ice beast (D:6)
  2 sky beasts
  A slave (D:8)
  A phantom (D:6)
  An ogre (D:6)
  2 centaurs
  A big kobold (D:7)
  A bullfrog (D:6)
  A scorpion (D:5)
  4 wights (D:7)
  A crimson imp (D:7)
  3 jellies
  4 orc priests
  2 hounds
  3 iguanas
  4 worker ants
  3 orc wizards
  A hound skeleton (D:5)
  A howler monkey zombie (D:6)
  A gnoll (D:2)
  A howler monkey skeleton (D:4)
  8 adders
  An ooze (D:2)
  A dart slug (D:4)
  5 leopard geckos
  18 orcs
  A giant cockroach (D:1)
  13 goblins
  4 hobgoblins (D:2)
  4 jackals (D:4)
  4 quokkas
  2 ball pythons
  5 bats
  4 frilled lizards
  9 kobolds
  3 rats
127 creatures vanquished.

Notes
Turn   | Place    | Note
-------+----------+-------------------------------------------
     0 | D:1      | GordonOverkill the Demigod Wanderer began the quest for the
                  | Orb.
     0 | D:1      | GordonOverkill set off with the following items: a +0 robe,
                  | a +0 club, a +0 dagger, a ration; and the following spells
                  | available to memorise: Flame Tongue, Magic Dart, Summon
                  | Small Mammal, Conjure Flame, Blink, Call Imp, Slow,
                  | Mephitic Cloud, Summon Guardian Golem
     0 | D:1      | Reached XP level 1. HP: 14/14 MP: 7/7
     2 | D:1      | Learned a level 1 spell: Flame Tongue
  1107 | D:2      | Reached XP level 2. HP: 22/22 MP: 9/9
  1411 | D:2      | Reached XP level 3. HP: 27/27 MP: 11/11
  1477 | D:2      | Reached skill level 1 in Fighting
  1484 | D:2      | Reached skill level 1 in Armour
  1484 | D:2      | Reached skill level 1 in Conjurations
  2059 | D:2      | Learned a level 3 spell: Conjure Flame
  2062 | D:2      | Learned a level 2 spell: Blink
  2066 | D:2      | Learned a level 3 spell: Mephitic Cloud
  2129 | D:3      | Reached XP level 4. HP: 35/35 MP: 12/12
  3022 | D:4      | Found Udiolid's Gadget Emporium.
  3048 | D:4      | Found Jelagame's General Store.
  3055 | D:4      | Bought a scroll of identify for 26 gold pieces
  3055 | D:4      | Bought a scroll of identify for 26 gold pieces
  3140 | D:4      | Found Letyrgh's Antique Weapon Boutique.
  3153 | D:4      | Found a staircase to the Ecumenical Temple.
  3170 | D:4      | Reached XP level 5. HP: 34/41 MP: 14/14
  3563 | D:5      | Entered Level 5 of the Dungeon
  3575 | D:5      | Reached skill level 2 in Fighting
  3703 | D:5      | Noticed Prince Ribbit
  3713 | D:5      | Noticed Menkaure
  3725 | D:4      | Killed Prince Ribbit
  3725 | D:4      | Reached XP level 6. HP: 5/50 MP: 9/15
  4006 | D:5      | Killed Menkaure
  4006 | D:5      | Reached skill level 3 in Fighting
  4024 | D:5      | Reached skill level 5 in Fire Magic
  4106 | D:4      | Reached XP level 7. HP: 19/58 MP: 16/16
  4338 | D:5      | Reached skill level 4 in Fighting
  4821 | D:4      | Bought a glowing broad axe for 112 gold pieces
  5041 | D:6      | Reached skill level 1 in Axes
  5745 | D:6      | Reached skill level 5 in Fighting
  6157 | D:6      | Reached XP level 8. HP: 55/69 MP: 17/17
  6901 | D:7      | Reached skill level 6 in Fighting
  7499 | D:7      | Reached skill level 5 in Axes
  7558 | D:7      | Found a sparkling altar of Nemelex Xobeh.
  7861 | D:7      | Gained mutation: You have a pair of small horns on your
                  | head. [potion of mutation]
  7861 | D:7      | Gained mutation: You are occasionally teleported next to
                  | monsters. [potion of mutation]
  7861 | D:7      | Gained mutation: Your spells are a little harder to cast,
                  | but a little more powerful. [potion of mutation]
  7862 | D:7      | Lost mutation: You have a pair of small horns on your head.
                  | [potion of mutation]
  7862 | D:7      | Lost mutation: Your spells are a little harder to cast, but
                  | a little more powerful. [potion of mutation]
  7862 | D:7      | Gained mutation: Your system is resistant to poisons.
                  | (rPois) [potion of mutation]
  7862 | D:7      | Gained mutation: You are agile. (Dex +2) [potion of
                  | mutation]
  7901 | D:7      | Reached skill level 7 in Fighting
  7915 | D:7      | HP: 3/73 [wight/cursed +5 flail (7)]
  8544 | D:8      | Noticed a hippogriff
  8555 | D:8      | Killed a hippogriff
  8792 | D:8      | Reached XP level 9. HP: 34/79 MP: 18/18
  9148 | D:4      | Bought a potion of mutation for 104 gold pieces
  9148 | D:4      | Lost mutation: Your system is resistant to poisons. (rPois)
                  | [potion of mutation]
  9148 | D:4      | Lost mutation: You are agile. (Dex +2) [potion of mutation]
  9148 | D:4      | Gained mutation: Your body sometimes deteriorates upon
                  | taking damage. [potion of mutation]
  9148 | D:4      | Gained mutation: You can translocate small distances at
                  | will. [potion of mutation]
  9299 | D:8      | Noticed Pikel
  9307 | D:8      | HP: 3/79 [scorpion (9)]
  9308 | D:8      | HP: 1/79 [poisoned by a scorpion]
  9308 | D:8      | Noticed Joseph
  9309 | D:8      | Slain by a worker ant

Vault maps used:
D:1:      minmay_arrival_up_and_down, minmay_liquid_box, nrook_mini_vaults
D:2:      minmay_recursive_quarters
D:3:      first_ration
D:4:      temple_statues, serial_shops, nicolae_shop_trees, kennysheep_mini,
          kennysheep_little_box, grunt_ministairs_12
D:5:      uniq_menkaure, uniq_prince_ribbit1
D:7:      basic_altar
D:8:      serial_shops, shop, evilmike_ruin_ashenzari, uniq_pikel, uniq_joseph

Skill      XL: |  1  2  3  4  5  6  7  8  9 |
---------------+----------------------------+-----
Stealth        | 2 |  2.0
Fighting       | 1 2 3 5 7 |  7.5
Armour         | 1 2 3 |  3.0
Conjurations   | 1 2 3 |  3.0
Fire Magic     | 4 5 |  5.0
Spellcasting   | 4 |  4.0
Axes           | 3 5 6 |  6.0

Action                   |  1- 3 |  4- 6 |  7- 9 || total
-------------------------+-------+-------+-------++-------
Melee: Dagger            |       |    13 |       ||    13
       Broad axe         |       |       |    63 ||    63
Throw: Javelin           |     4 |     3 |     3 ||    10
 Cast: Flame Tongue      |    65 |    70 |   217 ||   352
       Blink             |     2 |     5 |     3 ||    10
       Conjure Flame     |       |     2 |     7 ||     9
       Mephitic Cloud    |       |     1 |     2 ||     3
  Use: Scroll            |       |    14 |     3 ||    17
       Potion            |       |       |     3 ||     3
 Stab: Confused          |       |     2 |     1 ||     3
  Eat: Chunk             |     4 |     5 |    10 ||    19
       Ration            |       |     1 |     1 ||     2
Armor: Leather armour    |     7 |     5 |    53 ||    65
       Robe              |     1 |       |       ||     1
Dodge: Dodged            |    20 |    18 |   120 ||   158

Table legend:
 A = Non-vault XP
 B = Vault XP
 C = Vault XP percentage of total XP
 D = Non-vault monster count
 E = Vault monster count
 F = Vault count percentage of total count
                 A         B        C        D         E       F
            +---------+---------+-------+---------+---------+-------
      Total |    3213 |     472 |  12.8 |     114 |      12 |   9.5
            +---------+---------+-------+---------+---------+-------
        D:1 |      14 |       0 |   0.0 |       9 |       0 |   0.0
        D:2 |      68 |      27 |  28.4 |      16 |       8 |  33.3
        D:3 |      26 |       0 |   0.0 |      15 |       0 |   0.0
        D:4 |     241 |     280 |  53.7 |       9 |       3 |  25.0
        D:5 |     181 |     165 |  47.7 |       6 |       1 |  14.3
        D:6 |     891 |       0 |   0.0 |      21 |       0 |   0.0
        D:7 |    1170 |       0 |   0.0 |      35 |       0 |   0.0
        D:8 |     622 |       0 |   0.0 |       3 |       0 |   0.0
            +---------+---------+-------+---------+---------+-------
